 Dungeon Crawl Stone Soup version 0.31-a0-229-g1fc7ce93e2 (webtiles) character file.

Game seed: 18084897893336578758

1052 protoss039 the Digger (level 8, 60/60 HPs)
             Began as a Demonspawn Earth Elementalist on July 6, 2023.
             Got out of the dungeon alive.
             The game lasted 00:08:55 (4956 turns).

protoss039 the Digger (DsEE)                        Turns: 4956, Time: 00:08:56

Health: 60/60      AC:  5    Str:  8    XL:     8   Next: 5%
Magic:  14/14      EV: 18    Int: 18    God:
Gold:   292        SH:  0    Dex: 15    Spells: 9/15 levels left

rFire   . . .        p - +0 dagger (speed)
rCold   . . .        (no shield)
rNeg    . . .        m - +2 robe {Will+}
rPois   .            (helmet restricted)
rElec   .            o - +0 cloak
rCorr   .            (no gloves)
SInv    .            (no boots)
Will    +....        k - amulet of guardian spirit
Stlth   ++           n - +5 ring of evasion
HPRegen 0.30/turn    (no ring)
MPRegen 0.14/turn

%: guardian spirit
@: no status effects
A: antennae 1, ignite blood 1, sanguine armour 1
a: no special abilities


You escaped.
You visited 1 branch of the dungeon, and saw 4 of its levels.

You collected 292 gold pieces.

Inventory:

Hand Weapons
 p - a +0 dagger of speed (weapon)
Armour
 m - a +2 robe of willpower (worn)
 o - a +0 cloak (worn)
Jewellery
 k - an amulet of guardian spirit (around neck)
 n - a +5 ring of evasion (left hand)
Scrolls
 e - a scroll of identify
 f - a scroll of amnesia {unknown}
 h - a scroll of teleportation
 q - a scroll of blinking {unknown}
Potions
 a - a potion of brilliance {unknown}
 b - a potion of magic
 c - a potion of cancellation
 d - 2 potions of curing
 g - a potion of heal wounds {unknown}
 i - 2 potions of attraction
 j - 2 potions of enlightenment {unknown}
 l - 2 potions of lignification {unknown}


   Skills:
 + Level 4.1 Fighting
 - Level 3.0 Dodging
 - Level 3.0 Stealth
 + Level 4.3 Spellcasting
 + Level 3.7 Conjurations
 - Level 1.0 Transmutations
 + Level 4.8 Earth Magic


You had 9 spell levels left.
You knew the following spells:

 Your Spells              Type           Power      Damage    Failure   Level
a - Sandblast             Erth           42%        2d11      1%          1
b - Passwall              Tmut/Erth      11%        N/A       6%          2
c - Stone Arrow           Conj/Erth      38%        3d9       8%          3

Your spell library contained the following spells:

 Spells                   Type           Power      Damage    Failure   Level
 Slow                     Hex            12%        N/A       14%         1
 Confusing Touch          Hex            3%         N/A       38%         3
 Vampiric Draining        Necr           3%         2d6       38%         3
 Volatile Blastmotes      Fire/Tloc      6%         2d10      38%         3
 Petrify                  Tmut/Erth      14%        N/A       38%         4
 Lee's Rapid Deconstruct  Erth           10%        3d8*      47%         5
 Fulminant Prism          Conj/Hex       5%         3d7       54%         4
 Iskenderun's Mystic Bla  Conj/Tloc      10%        2d4       54%         4


Dungeon Overview and Level Annotations

Branches:
Dungeon (4/15) Zot: 18949
 Temple: D:4-7

Altars:
Trog

Shops:
D:1 [

Annotations:
D:3 3 runed translucent doors, goupaloupa's ghost, amateur DsFi
D:4 Blork the orc


Innate Abilities, Weirdness & Mutations

You have a pair of small antennae on your head.
Your demonic aura sometimes causes spilled blood to erupt in flames.
When seriously injured, your blood forms armour. (AC +0)


Message History

Press: ? - help, Shift-Dir - straight line, f/p - scorpion
Aim: a scorpion (68% to hit)
The stone arrow hits the scorpion!
The scorpion is severely wounded.
The scorpion barely misses you.
Unknown command.
Casting: Stone Arrow (dangerous; 8% risk of failure)
Confirm with . or Enter, or press ? or * to list all spells.
Aiming: Stone Arrow (dangerous; 8% risk of failure)
Press: ? - help, Shift-Dir - straight line, f/p - scorpion
Aim: a scorpion (severely wounded, 68% to hit)
The stone arrow hits the scorpion!
You kill the scorpion!
You have reached level 8!
You feel agile.
Your demonic ancestry asserts itself...
A pair of antennae grows on your head!
Unknown command.
HP restored.
Your magical contamination has completely faded away.
l - 2 silvery potions (gained 1)
Found a stone staircase leading down.
You see here a scorpion corpse.
There is an open door, spattered with blood here.
There is a stone staircase leading up here.
You climb upwards.
Level annotation: 3 runed translucent doors, goupaloupa's ghost, amateur DsFi
There is a stone staircase leading down here.
There is a stone staircase leading up here.
You climb upwards.
There is a stone staircase leading down here.
There is a stone staircase leading down here.
Things that are here:
a +0 ring mail; a +0 short sword; a +0 flail
There is a stone staircase leading up here.
You climb upwards.
There is a stone staircase leading down here.
There is a large open door here.
There is a staircase leading out of the dungeon here.
Are you sure you want to leave the Dungeon?
This will make you lose the game!
You have escaped!

#....~≈≈#######.....# ###...~~###
##..#.# ####.....~#⌠#######...#
#....#....#..'.~###...#
#..#.~#...#..#.~≈###..# #
##..#~~#.#.####.~~####.# #
#...~~#......#...~#~~#.# #
#.#...#......'...~#~.'.# #
#.###........'..@~#~.'.###### #
..###..#~....#...~#~~#......# #
#.##..~##..####.~~####.####.# #
#..#.#~~#..#..#.~≈###..# #.#####
#....#~....#..'.~###..## #......
#.##.~....~#⌠#######..# #.#####
#.##.....~~### ##...#####...#
#.#####.~≈≈#######.........S#.###
#.# ##..~≈###........#.#.####...#


There were no monsters in sight!

Vanquished Creatures
  Sigmund (D:2)
  Eustachio (D:4)
  2 ogres (D:3)
  2 scorpions (D:4)
  An orc priest (D:4)
  A hound (D:4)
  A sleepcap (D:4)
  An iguana (D:4)
  Natasha (thrice) (D:2)
  3 orc wizards
  4 gnolls (D:3)
  7 adders
  2 worms
  3 dart slugs (D:1)
  7 orcs
  15 ball pythons
  6 endoplasms
  4 giant cockroaches
  12 goblins
  7 hobgoblins
  2 jackals (D:1)
  7 kobolds
  4 quokkas
  3 bats
  4 frilled lizards
  4 rats
107 creatures vanquished.

Notes
Turn   | Place    | Note
-------+----------+-------------------------------------------
     0 | D:1      | protoss039 the Demonspawn Earth Elementalist began the
                  | quest for the Orb.
     0 | D:1      | Reached XP level 1. HP: 13/13 MP: 3/3
   139 | D:1      | Gained mutation: When seriously injured, your blood forms
                  | armour. (AC +0) [demonic ancestry]
   139 | D:1      | Reached XP level 2. HP: 20/20 MP: 3/5
   171 | D:1      | Found Efojye's Antique Armour Emporium.
   318 | D:1      | Found a faded altar of an unknown god.
   449 | D:1      | Reached skill level 1 in Fighting
   655 | D:1      | Reached XP level 3. HP: 23/26 MP: 4/6
  1041 | D:1      | Learned a level 2 spell: Passwall
  1045 | D:1      | Learned a level 3 spell: Stone Arrow
  1126 | D:2      | Reached skill level 1 in Transmutations
  1126 | D:2      | Reached XP level 4. HP: 32/32 MP: 3/7
  1524 | D:2      | Noticed Sigmund
  1543 | D:2      | Noticed Natasha
  1550 | D:2      | Killed Natasha
  1610 | D:2      | You fall into a shaft and drop 2 floors!
  1662 | D:4      | Noticed a scorpion
  1676 | D:3      | Reached XP level 5. HP: 38/38 MP: 6/8
  1953 | D:2      | Noticed Natasha
  1969 | D:2      | HP: 1/38 [cerulean imp/+0 spear[Natasha] (1)]
  1970 | D:2      | Killed Natasha
  1971 | D:2      | Reached skill level 1 in Conjurations
  2040 | D:2      | Noticed Natasha
  2050 | D:2      | Killed Natasha
  2409 | D:2      | Killed Sigmund
  2410 | D:2      | Reached XP level 6. HP: 46/46 MP: 3/10
  2692 | D:3      | Found a bloodstained altar of Trog.
  3166 | D:3      | Gained mutation: Your demonic aura sometimes causes spilled
                  | blood to erupt in flames. [demonic ancestry]
  3166 | D:3      | Reached XP level 7. HP: 15/52 MP: 0/12
  3340 | D:3      | Noticed goupaloupa's ghost (amateur DsFi)
  3348 | D:3      | Found a runed translucent gate.
  3348 | D:3      | Found a runed translucent gate.
  3349 | D:3      | Found a runed translucent gate.
  4108 | D:4      | Noticed Blork the orc
  4112 | D:4      | Noticed Eustachio
  4627 | D:4      | Killed Eustachio
  4755 | D:4      | Gained mutation: You have a pair of small antennae on your
                  | head. [demonic ancestry]
  4755 | D:4      | Reached XP level 8. HP: 59/60 MP: 2/14
  4956 | D:$      | Got out of the dungeon alive.

Illustrated notes

Levels and vault maps discovered:
D:1:      denvon_arrival_waterhouse, layout_loops_ring, serial_shops, shop,
          hellmonk_ecumenical_altar_pennies_from_heaven, minmay_fountain_box,
          wander_ebering_terrifying_dragon_lair
D:2:      layout_rooms, uniq_sigmund, uniq_natasha
D:3:      layout_basic, bloody_trog, gammafunk_ghost_split, minmay_ogre_servants
D:4:      layout_basic, eino_small_chamber_without_monster, nicolae_half_adder,
          uniq_eustachio, uniq_blork_the_orc

Skill      XL: |  1  2  3  4  5  6  7 |
---------------+----------------------+-----
Dodging        | 2 3 |  3.0
Fighting       | 1 2 3 4 |  4.1
Earth Magic    | 3 4 |  4.8
Stealth        | 2 3 |  3.0
Transmutations | 1 |  1.0
Conjurations   | 1 2 3 |  3.7
Spellcasting   | 3 4 |  4.3

Action                     |  1- 3 |  4- 6 |  7- 9 || total
---------------------------+-------+-------+-------++-------
  Melee: Unarmed           |     8 |       |       ||     8
         Short sword       |    26 |    19 |    18 ||    63
         Dagger            |       |       |    21 ||    21
         Punch             |       |       |     1 ||     1
   Cast: Sandblast         |    38 |    83 |    24 ||   145
         Stone Arrow       |       |     5 |    24 ||    29
         Passwall          |       |       |     3 ||     3
    Use: Potion            |       |       |     4 ||     4
         Scroll            |       |       |     2 ||     2
   Stab: Sleeping          |     2 |     1 |     4 ||     7
 Armour: Robe              |     8 |    29 |    13 ||    50
  Dodge: Dodged            |    33 |    87 |    48 ||   168

Table legend: (Time is in decaauts)
 A = Elapsed time spent in this place.
 B = Non-inter-level travel time spent in this place.
 C = Inter-level travel time spent in this place.
 D = Time resting spent in this place.
 E = Time spent auto-exploring this place.
 F = Levels seen in this place.
 G = Mean time per level.
                   A        B        C        D        E       F      G
               +--------+--------+--------+--------+--------+-----+--------+
         Total |   5050 |   4801 |    249 |    794 |   3051 |   4 | 1262.5 |
       Dungeon |   5050 |   4801 |    249 |    794 |   3051 |   4 | 1262.5 |
               +--------+--------+--------+--------+--------+-----+--------+

Top non-repeatable levels by time:
     D:1: 1389 daAuts
     D:4: 1317 daAuts
     D:3: 1296 daAuts
     D:2: 1048 daAuts
